 Dungeon Crawl Stone Soup version 0.32-a0-25-g86f1af2 (webtiles) character file.

Game seed: 284443337215248521

24989 Dorkslayer the Grappler (level 13, 0/85 HPs)
             Began as an Octopode Shapeshifter on Jan 18, 2024.
             Was a Follower of Dithmenos.
             Slain by an orange demon (4 damage)
             ... while petrified by an ancient lich
             ... on level 1 of the Abyss.
             The game lasted 00:51:35 (13850 turns).

Dorkslayer the Grappler (Octopode Shapeshifter)    Turns: 13850, Time: 00:51:36

Health: 0/85       AC:  5    Str: 20    XL:     13   Next: 16%
Magic:  0/13       EV:  2    Int: 18    God:    Dithmenos [*.....]
Gold:   637        SH:  0    Dex: 14    Spells: 12/12 levels left

rFire   + + .        A - +8 hammer "Sahixugu" {venom, *Noise +Blink Will+}
rCold   . . .        k - +1 kite shield
rNeg    + + +        (helmet currently unavailable)
rPois   ∞            i - amulet of guardian spirit
rElec   .            d - ring of positive energy
rCorr   .            f - +4 ring of protection
SInv    .            C - +5 ring of evasion
Will    +....        E - +6 ring of intelligence
Stlth   +++++        I - ring of protection from fire
HPRegen 0.34/turn    z - ring of flight
MPRegen 0.13/turn    (no ring)
                     (no ring)

%: guardian spirit
@: about to teleport, beast-form, petrified, flying, wreathed by umbra
A: beast (slay +4), almost no armour, amphibious, 8 rings, camouflage 1,
gelatinous body 1, (nimble swimmer 1), tentacles, agile 1, fire resistance 1,
strong 1, inability to drink after injury 1
a: Begin Untransformation, Renounce Religion, Evoke Blink


You were on level 1 of the Abyss.
You worshipped Dithmenos.
Dithmenos was aware of your devotion.
You were a hulking beast.
You visited 3 branches of the dungeon, and saw 14 of its levels.
You visited the Abyss 1 time.
You also visited: Sewer.

You collected 1579 gold pieces.
You spent 942 gold pieces at shops.

Inventory:

Hand Weapons
 s - a +3 war axe of flaming
 A - the +8 hammer "Sahixugu" (weapon) {venom, *Noise +Blink Will+}
   (You found it on level 5 of the Dungeon)

   Will+:     It increases your willpower.
   +Blink:    It lets you blink.
   *Noise:    It may make a loud noise when swung.
 D - the +6 flail of the Hidden Vale {pain, Int+4 SInv}
   (You found it on level 9 of the Dungeon)

   Int+4:     It affects your intelligence (+4).
   SInv:      It lets you see invisible.
 G - a +1 war axe
 K - a +0 broad axe
Missiles
 t - 27 boomerangs
 J - 5 curare-tipped darts (quivered)
Armour
 k - a +1 kite shield (worn)
Jewellery
 d - a ring of positive energy (left tentacle)
 f - a +4 ring of protection (right tentacle)
 i - an amulet of guardian spirit (around mantle)
 z - a ring of flight (on tentacle)
 C - a +5 ring of evasion (on tentacle)
 E - a +6 ring of intelligence (on tentacle)
 I - a ring of protection from fire (on tentacle)
Talismans
 b - a beast talisman
 c - a flux talisman
 l - a dragon-blood talisman
Wands
 y - a wand of polymorph (6)
 B - a wand of digging (9)
 F - a wand of iceblast (1)
Scrolls
 g - a scroll of silence
 j - 5 scrolls of teleportation
 m - 2 scrolls of revelation
 o - a scroll of fog
 q - 3 scrolls of blinking
 r - a scroll of amnesia
 u - 2 scrolls of identify
 w - a scroll of immolation
 H - a scroll of poison {unknown}
Potions
 a - 3 potions of lignification
 h - 4 potions of curing
 n - 2 potions of might
 p - a potion of magic
 v - 2 potions of brilliance
 x - 2 potions of enlightenment


   Skills:
 + Level 6.7 Fighting
 + Level 10.0 Maces & Flails
 + Level 0.1 Throwing
 + Level 8.1 Dodging
 + Level 8.1 Stealth
 + Level 7.1 Shields
 * Level 10.2 Unarmed Combat
 + Level 6.8 Evocations
 * Level 8.0 Shapeshifting


You had 12 spell levels left.
You didn't know any spells.
Your spell library contained the following spells:

 Spells                   Type           Power      Damage    Failure   Level
 Necrotise                Necr           0%         1d4       43%         1
 Sandblast                Erth           0%         2d4       43%         1
 Shock                    Conj/Air       0%         1d3       43%         1
 Jinxbite                 Hex            0%         N/A       56%         2
 Confusing Touch          Hex            0%         N/A       80%         3
 Ozocubu's Armour         Ice            0%         N/A       80%         3
 Sigil of Binding         Hex            0%         N/A       80%         3
 Swiftness                Air            0%         N/A       80%         3
 Vampiric Draining        Necr           0%         2d6       80%         3
 Airstrike                Air            0%         2d(0-16)  99%         4
 Cause Fear               Hex            0%         N/A       99%         4
 Dimensional Bullseye     Hex/Tloc       0%         N/A       99%         4
 Martyr's Knell           Necr/Summ      0%         N/A       99%         4
 Curse of Agony           Necr           0%         N/A       100%        5
 Fireball                 Conj/Fire      0%         3d3       100%        5
 Metabolic Englaciation   Hex/Ice        0%         N/A       100%        5
 Sculpt Simulacrum        Ice/Alch       0%         N/A       100%        6
 Dragon's Call            Summ           0%         N/A       100%        9


Dungeon Overview and Level Annotations

Branches:
Dungeon (11/15)            Temple (1/1) D:4             Orc (2/2) D:9
    Elf (0/3) Orc:2         Sewer (visited)
   Lair: D:8-11

Altars:
Ashenzari
Cheibriados
Dithmenos
Elyvilon
Fedhas
Gozag
Hepliaklqana
Kikubaaqudgha
Makhleb
Nemelex Xobeh
Okawaru
Qazlal
Ru
Sif Muna
Trog
Uskayaw
Vehumet
Wu Jian
Xom
Yredelemnul
Zin
The Shining One

Shops:
D:3 :   D:6 *   D:9 ?   Orc:2 =([!:

Annotations:
D:11 Erolcha, Harold


Innate Abilities, Weirdness & Mutations

You are a hulking beast.
Your limbs bulge with bestial killing power. (Slay +4)
You are immune to poison.
You cannot wear most types of armour.
You are amphibious.
You can wear up to eight rings at the same time.
Your skin changes colour to match your surroundings (Stealth+).
Your rubbery body absorbs attacks. (AC +1, EV +1)
((You are camouflaged when in or above water. (Stealth+)))
You have tentacles for arms and can constrict up to eight enemies at once.
You are agile. (Dex +4, Str/Int -1)
Your flesh is heat resistant. (rF+)
Your muscles are strong. (Str +4, Int/Dex -1)
You occasionally lose the ability to drink potions when taking damage.


Message History

The large abomination hits you!!
The ancient lich points at you and mumbles some strange words.
You are slowing down.
As you read the scroll of teleportation, it crumbles to dust.
You feel strangely unstable.
You feel the power of the Abyss delaying your translocation!
You block the ufetubus's attack. x2; The large abomination hits you!
An orange demon comes into view.
You block the ufetubus's attack.
The ufetubus hits you but does no damage.
Your limbs are stiffening.
Unknown command.
You feel much better. You block the ufetubus's attack. x2
You block the large abomination's attack.
The ufetubus hits you. The ufetubus misses you.
The large abomination hits you!!!
You have turned to stone.
The ufetubus hits you.
The ufetubus hits you but does no damage.
The ufetubus hits you.
The ufetubus hits you but does no damage.
The ancient lich touches you! The large abomination hits you!!
The ufetubus hits you. x2
The orange demon stings you but does no damage.
The large abomination hits you!
* * * LOW HITPOINT WARNING * * *
The ancient lich touches you.
* * * LOW HITPOINT WARNING * * *
The ufetubus slips past you! The ufetubus hits you.
* * * LOW HITPOINT WARNING * * *
The ufetubus hits you.
* * * LOW HITPOINT WARNING * * *
The ufetubus hits you.
* * * LOW HITPOINT WARNING * * *
The ufetubus hits you.
* * * LOW HITPOINT WARNING * * *
A neqoxec comes into view.
The ancient lich touches you. The large abomination hits you!!
* * * LOW HITPOINT WARNING * * *
The orange demon stings you from afar!
You die...

# #.. # #
#...#. # ####.
#...§.###.#..3
........#..##
#.......X.4..#
... #.#h#
..#..#.L.5#
.......#..#.
.#...##....#
### #...#.#
#.##...# .#
..### ... .#.
#.## . ..


You could see an ancient lich, an orange demon, a large abomination, a neqoxec
and an ufetubus.

Vanquished Creatures
  A tentacled starspawn (Abyss:1)
  An ogre mage (Orc:2)
  5 two-headed ogres
  2 boulder beetles
  The ghost of Taxman1966 the Magician, a novice DjFE of Makhleb (D:7)
  An orc knight (Orc:1)
  10 orc sorcerers (Orc:2)
  A cyclops (Orc:2)
  3 kobold blastminers (Orc:1)
  A gargoyle (D:10)
  6 trolls
  2 hornets
  Prince Ribbit (D:8)
  2 shadows
  2 vampires
  13 yaks
  4 steam dragons
  A warg (Orc:1)
  4 vampire mosquitoes (D:10)
  A water moccasin (D:6)
  3 black bears (D:11)
  13 orc warriors
  An ice beast (D:7)
  A sky beast (D:7)
  15 ogres
  7 centaurs
  5 kobold brigands
  2 bullfrogs
  A gnoll sergeant (D:9)
  4 scorpions
  3 wights (D:8)
  15 killer bees
  9 howler monkeys
  A gnoll bouda (D:6)
  A jelly (D:3)
  15 orc priests
  Crazy Yiuf (D:5)
  2 hounds
  4 iguanas
  35 orc wizards
  7 gnolls
  9 adders
  3 river rats
  2 white imps
  4 ufetubi (D:6)
  3 dart slugs
  4 ribbon worms (Sewer)
  68 orcs
  5 bats
  11 endoplasms
  7 giant cockroaches
  5 goblins
  9 hobgoblins
  10 jackals
  4 quokkas
  10 ball pythons
  6 frilled lizards
  15 kobolds
  14 rats
  A butterfly (D:4)
397 creatures vanquished.

Vanquished Creatures (others)
  3 orc wizards
  An orc (Orc:1)
  2 starspawn tentacles (Abyss:1)
6 creatures vanquished.

Grand Total: 403 creatures vanquished

Notes
Turn   | Place    | Note
-------+----------+-------------------------------------------
     0 | D:1      | Dorkslayer the Octopode Shapeshifter began the quest for
                  | the Orb.
     0 | D:1      | Reached XP level 1. HP: 13/13 MP: 1/1
    47 | D:1      | Reached XP level 2. HP: 9/18 MP: 2/2
   245 | D:1      | Found a faded altar of an unknown god.
   458 | D:1      | Reached XP level 3. HP: 23/23 MP: 3/3
  1211 | D:2      | Reached XP level 4. HP: 28/28 MP: 4/4
  1274 | D:2      | Found a burning altar of Makhleb.
  1385 | D:2      | Reached skill level 1 in Stealth
  1768 | D:3      | Reached XP level 5. HP: 33/33 MP: 5/5
  1814 | D:3      | Reached skill level 5 in Unarmed Combat
  1814 | D:3      | Found a glowing drain.
  1818 | Sewer    | Entered a sewer
  2054 | Sewer    | Noticed a kobold brigand
  2066 | Sewer    | Killed a kobold brigand
  2067 | Sewer    | Reached XP level 6. HP: 27/38 MP: 6/6
  2433 | Sewer    | Reached XP level 7. HP: 38/43 MP: 5/7
  2876 | D:3      | Found Hokot's Book Shop.
  3474 | D:4      | Found a staircase to the Ecumenical Temple.
  3493 | Temple   | Entered the Ecumenical Temple
  3716 | D:4      | Got Leinnaff's Spellbook of Imprecation
  3932 | D:4      | Reached skill level 1 in Shields
  4013 | D:5      | Entered Level 5 of the Dungeon
  4037 | D:5      | Reached XP level 8. HP: 32/48 MP: 5/8
  4158 | D:5      | Identified the +8 hammer "Sahixugu" {venom, *Noise +Blink
                  | Will+}
  4161 | D:5      | Found a runed translucent door.
  4162 | D:5      | Noticed Crazy Yiuf
  4673 | D:5      | Killed Crazy Yiuf
  4674 | D:5      | Reached skill level 5 in Stealth
  4763 | D:6      | Found Wijyos's Assorted Antiques.
  4769 | D:6      | Bought a scroll of identify for 48 gold pieces
  4769 | D:6      | Bought a large cabochon ring for 120 gold pieces
  4769 | D:6      | Bought a scroll labelled SAQENEA NIYM for 24 gold pieces
  4769 | D:6      | Bought a blackened peridot ring for 120 gold pieces
  4773 | D:6      | Gained mutation: You occasionally lose the ability to drink
                  | potions when taking damage. [potion of mutation]
  4773 | D:6      | Gained mutation: Your flesh is heat resistant. (rF+)
                  | [potion of mutation]
  4773 | D:6      | Gained mutation: Your muscles are strong. (Str +4, Int/Dex
                  | -1) [potion of mutation]
  4774 | D:6      | Lost mutation: You occasionally lose the ability to drink
                  | potions when taking damage. [potion of mutation]
  4774 | D:6      | Lost mutation: Your flesh is heat resistant. (rF+) [potion
                  | of mutation]
  4774 | D:6      | Gained mutation: You occasionally lose the ability to drink
                  | potions when taking damage. [potion of mutation]
  4774 | D:6      | Gained mutation: Your flesh is heat resistant. (rF+)
                  | [potion of mutation]
  4774 | D:6      | Gained mutation: You are agile. (Dex +4, Str/Int -1)
                  | [potion of mutation]
  4815 | D:6      | Reached skill level 1 in Maces & Flails
  4820 | D:6      | Reached skill level 1 in Evocations
  5551 | D:6      | Found a hazy altar of Hepliaklqana.
  5836 | D:7      | Found a runed translucent gate.
  5981 | D:7      | Reached skill level 5 in Shapeshifting
  5981 | D:7      | Reached XP level 9. HP: 31/54 MP: 5/9
  6435 | D:7      | Found a runed translucent gate.
  6435 | D:7      | Found a runed translucent gate.
  6438 | D:7      | Noticed Taxman1966's ghost (novice DjFE)
  6441 | D:7      | Identified the +0 chain mail of the Spider Nest {rPois rF++
                  | Int-4 Dex-5}
  7219 | D:7      | Killed Taxman1966's ghost
  7590 | D:8      | Reached skill level 5 in Maces & Flails
  7607 | D:8      | Reached XP level 10. HP: 37/62 MP: 7/10
  7806 | D:8      | Noticed Prince Ribbit
  7814 | D:8      | Killed Prince Ribbit
  8034 | D:9      | Noticed a two-headed ogre
  8040 | D:9      | Found a staircase to the Orcish Mines.
  8043 | D:9      | Killed a two-headed ogre
  8091 | D:9      | Reached skill level 5 in Dodging
  8187 | D:9      | Found a shimmering altar of Xom.
  8333 | D:9      | Identified the +5 plate armour of Courage {Int+2}
  8623 | D:9      | Identified the +6 flail of the Hidden Vale {pain, Int+4
                  | SInv}
  8706 | D:9      | Noticed a two-headed ogre
  8714 | D:9      | Killed a two-headed ogre
  8715 | D:9      | Reached skill level 5 in Evocations
  8715 | D:9      | Reached XP level 11. HP: 69/69 MP: 11/11
  8786 | D:9      | Reached skill level 5 in Shields
  8855 | D:9      | Found Mecesch's Magic Scroll Emporium.
  8856 | D:9      | Noticed a two-headed ogre
  8865 | D:9      | Killed a two-headed ogre
  8871 | D:9      | Bought a scroll of amnesia for 48 gold pieces
  8871 | D:9      | Bought a scroll of enchant weapon for 90 gold pieces
  9163 | D:6      | Bought a small onyx ring for 120 gold pieces
  9163 | D:6      | Bought a copper wand for 96 gold pieces
  9237 | Orc:1    | Entered Level 1 of the Orcish Mines
  9278 | Orc:1    | Noticed an orc knight
  9522 | Orc:1    | Killed an orc knight
  9778 | Orc:2    | Entered Level 2 of the Orcish Mines
 10565 | Orc:2    | Found a staircase to the Elven Halls.
 10627 | Orc:2    | Found Uceu's Armour Boutique.
 10754 | Orc:2    | Found a shimmering blue altar of Sif Muna.
 10787 | Orc:2    | Got Sif Muna's Elucidation of Mud
 10855 | Orc:2    | Noticed an orc sorcerer
 10858 | Orc:2    | Noticed a cyclops
 10863 | Orc:2    | Killed an orc sorcerer
 10867 | Orc:2    | Killed a cyclops
 11020 | Orc:2    | Noticed an orc sorcerer
 11021 | Orc:2    | Noticed a soul eater
 11110 | Orc:2    | Noticed an orc sorcerer
 11113 | Orc:2    | Killed an orc sorcerer
 11114 | Orc:2    | Noticed an orc sorcerer
 11116 | Orc:2    | Killed an orc sorcerer
 11117 | Orc:2    | Reached XP level 12. HP: 62/76 MP: 10/12
 11122 | Orc:2    | Reached skill level 5 in Fighting
 11317 | Orc:2    | Found Typpin's Book Shop.
 11345 | Orc:2    | Found a radiant altar of Vehumet.
 11346 | Orc:2    | Noticed an ogre mage
 11351 | Orc:2    | Killed an ogre mage
 11510 | Orc:2    | Found an ancient bone altar of Kikubaaqudgha.
 11527 | Orc:2    | Found Uwushruiv's Distillery.
 11541 | Orc:2    | Bought a potion of might for 56 gold pieces
 11541 | Orc:2    | Bought a potion of might for 56 gold pieces
 11541 | Orc:2    | Bought a potion of curing for 42 gold pieces
 11541 | Orc:2    | Bought a potion of might for 56 gold pieces
 11541 | Orc:2    | Bought a potion of curing for 42 gold pieces
 11581 | Orc:2    | Found Siopnewi's Antique Weapon Shop.
 11590 | Orc:2    | Found Tairphape's Jewellery Shop.
 12056 | D:9      | Bought a scroll of identify for 24 gold pieces
 12103 | D:10     | Entered Level 10 of the Dungeon
 12286 | D:10     | Noticed a two-headed ogre
 12291 | D:10     | Killed a two-headed ogre
 12588 | D:10     | Found an opulent altar of Gozag.
 12588 | D:10     | Found an ornate altar of the Wu Jian Council.
 12598 | D:10     | Noticed a boulder beetle
 12609 | D:10     | Killed a boulder beetle
 12724 | D:10     | Found a white marble altar of Elyvilon.
 12951 | D:10     | Identified the +2 leather armour of Inquiry {Dex+6}
 12978 | D:10     | Found a burning altar of Makhleb.
 12979 | D:10     | Found a shadowy altar of Dithmenos.
 12991 | D:10     | Became a worshipper of Dithmenos the Shadowed
 13078 | D:10     | Found a stormy altar of Qazlal.
 13309 | D:11     | Noticed Harold
 13326 | D:11     | Noticed a boulder beetle
 13339 | D:11     | Killed a boulder beetle
 13360 | D:11     | Noticed a two-headed ogre
 13372 | D:11     | Killed a two-headed ogre
 13373 | D:11     | Reached skill level 10 in Unarmed Combat
 13373 | D:11     | Reached XP level 13. HP: 67/85 MP: 10/13
 13528 | D:11     | Reached * piety under Dithmenos
 13532 | D:11     | Paralysed by a hornet for 1 turns
 13729 | D:11     | Noticed Erolcha
 13745 | Abyss:1  | Cast into level 1 of the Abyss (Erolcha)
 13756 | Abyss:1  | Found a corrupted altar of Lugonu.
 13767 | Abyss:1  | Noticed a tentacled starspawn
 13772 | Abyss:1  | Noticed a starcursed mass
 13773 | Abyss:1  | Killed a tentacled starspawn
 13774 | Abyss:1  | Reached skill level 10 in Maces & Flails
 13808 | Abyss:1  | Found a corrupted altar of Lugonu.
 13835 | Abyss:1  | Noticed an ancient lich
 13850 | Abyss:1  | HP: 4/85 [large abomination (11)]
 13850 | Abyss:1  | Slain by an orange demon

Illustrated notes

Levels and vault maps discovered:
D:1:      mainiacjoe_arrival_reflecting_pool, layout_basic,
          dreamdust_ecumenical_altar_statues, minmay_cupped
D:2:      layout_rooms, basic_altar
D:3:      layout_basic, gup_sewer_entry_spiral, serial_shops,
          nicolae_shop_waterfront, minmay_tree_intersection,
          minmay_misc_feat_diagonals, minivault_27, feat_on_display
D:4:      layout_loops_ring, minmay_temple_entry_butterflies
D:5:      layout_loops_ring, uniq_crazy_yiuf_cottage
D:6:      layout_basic, nicolae_hepliaklqana_hippocampus, serial_shops, shop,
          st_stairs_11, hangedman_abyss_or_decor_stabs, interstate_on_off,
          kennysheep_nondescript
D:7:      layout_layer_cave, biasface_ghost_orc_armoury, roderic_roman_lattice
D:8:      layout_loops_cross, uniq_prince_ribbit1
D:9:      layout_basic, general_overflow_altar, hiddenorc2_lemuel, serial_shops,
          shop
D:10:     layout_roguey, lemuel_coloured_pillars_altar, jmf_multi_god_temple,
          amcnicky_altar_gilded, gammafunk_temple_overflow_pools,
          grunt_ministairs_7
D:11:     layout_irregular_city, grunt_lair_entry_orc_guard_hut, uniq_harold,
          uniq_erolcha
Temple:   nicolae_temple_superstar
Orc:1:    layout_caves, nicolae_orc_minecarts
Orc:2:    kennysheep_orc_mage_school, layout_caves, serial_shops,
          nicolae_shop_rolling_square, led_sif_book
Abyss:1:  base: Lair:4, evilmike_abyss_exit_mutagenic, evilmike_abyss_exit_12

Skill      XL: |  1  2  3  4  5  6  7  8  9 10 11 12 13 |
---------------+----------------------------------------+-----
Unarmed Combat | 4 5 6 7 8 9 10 | 10.2
Stealth        | 1 2 4 5 6 7 8 |  8.1
Shapeshifting  | 4 5 6 7 8 |  8.0
Shields        | 1 2 3 4 5 6 7 |  7.1
Dodging        | 3 4 5 7 8 |  8.1
Maces & Flails | 3 5 7 8 9 10 | 10.0
Evocations     | 2 3 5 6 |  6.8
Fighting       | 2 4 6 |  6.7
Throwing       | |  0.1

Action                     |  1- 3 |  4- 6 |  7- 9 | 10-12 | 13-15 || total
---------------------------+-------+-------+-------+-------+-------++-------
  Melee: Unarmed           |    75 |   105 |    75 |       |       ||   255
         Constrict         |    16 |    20 |    40 |    62 |     5 ||   143
         Tentacles         |    11 |    18 |    40 |    98 |    17 ||   184
         Punch             |     3 |     4 |     5 |    26 |     5 ||    43
         Mace              |       |       |   119 |   399 |    43 ||   561
  Throw: Dart              |       |       |     2 |     3 |     1 ||     6
  Evoke: Wand              |       |       |     4 |    26 |     2 ||    32
    Use: Scroll            |       |     4 |    16 |     9 |     2 ||    31
         Potion            |       |       |     4 |     6 |     1 ||    11
   Stab: Sleeping          |     3 |    10 |    20 |    10 |       ||    43
         Distracted        |       |       |       |     1 |       ||     1
 Armour: Skin              |    33 |    33 |    72 |   180 |    43 ||   361
  Dodge: Dodged            |    42 |    44 |   111 |   269 |    32 ||   498
  Block: Kite shield       |       |       |    71 |   229 |    35 ||   335

Table legend: (Time is in decaauts)
 A = Elapsed time spent in this place.
 B = Non-inter-level travel time spent in this place.
 C = Inter-level travel time spent in this place.
 D = Time resting spent in this place.
 E = Time spent auto-exploring this place.
 F = Levels seen in this place.
 G = Mean time per level.
                   A        B        C        D        E       F      G
               +--------+--------+--------+--------+--------+-----+--------+
         Total |  13951 |  13795 |    156 |   1119 |   6602 |  16 |  871.9 |
       Dungeon |  10473 |  10317 |    156 |    539 |   5494 |  11 |  952.1 |
        Temple |     17 |     17 |      0 |      0 |      0 |   1 |   17.0 |
  Orcish Mines |   2609 |   2609 |      0 |    579 |    638 |   2 | 1304.5 |
         Abyss |    106 |    106 |      0 |      0 |      0 |   1 |  106.0 |
         Sewer |    744 |    744 |      0 |      0 |    470 |   1 |  744.0 |
               +--------+--------+--------+--------+--------+-----+--------+

Top non-repeatable levels by time:
   Orc:2: 1922 daAuts
     D:7: 1757 daAuts
     D:9: 1394 daAuts
    D:10: 1157 daAuts
     D:6: 1008 daAuts
     D:1: 987 daAuts
     D:3: 977 daAuts
     D:5: 745 daAuts
   Sewer: 744 daAuts
   Orc:1: 687 daAuts
     D:8: 675 daAuts
     D:2: 645 daAuts
     D:4: 618 daAuts
    D:11: 506 daAuts
 Abyss:1: 106 daAuts
